 Dungeon Crawl Stone Soup version 0.26-a0-660-gc07710193c (webtiles) character file.

Game seed: 14865895304243633871

3740 lunkers the Covert (level 10, -10/65 HPs)
             Began as a Kobold Delver on Oct 5, 2020.
             Was a Follower of Uskayaw.
             Killed from afar by Erica (13 damage)
             ... with a lance of force
             ... on level 8 of the Dungeon.
             The game lasted 00:13:55 (9130 turns).

lunkers the Covert (Kobold Delver)                  Turns: 9130, Time: 00:13:55

Health: -10/65     AC:  8    Str:  9    XL:     10   Next: 37%
Magic:  16/16      EV: 12    Int: 11    God:    Uskayaw [*.....]
Gold:   319        SH:  6    Dex: 21    Spells: 9/9 levels left

rFire    . . .     SeeInvis .   a - +3 short sword (drain)
rCold    . . .     Faith    .   b - +0 buckler
rNeg     . . .     Spirit   .   h - +1 ring mail {MR+}
rPois    .         Reflect  .   (no helmet)
rElec    .         Harm     .   (no cloak)
rCorr    .         Rampage  .   (no gloves)
MR       +....                  p - +1 pair of boots
Stlth    +++++.....             (no amulet)
HPRegen  0.20/turn              r - ring of flight
MPRegen  0.15/turn              (no ring)

@: drained
A: small, nightstalker 3
a: Stomp, Renounce Religion, Evoke Flight


You were on level 8 of the Dungeon.
You worshipped Uskayaw.
Uskayaw was aware of your devotion.
You visited 1 branch of the dungeon, and saw 8 of its levels.

You collected 319 gold pieces.

Inventory:

Hand Weapons
 a - a +3 short sword of draining (weapon)
 k - a +0 short sword
 x - a +3 scimitar
Armour
 b - a +0 buckler (worn)
 h - a +1 ring mail of magic resistance (worn)
 p - a +1 pair of boots (worn)
Jewellery
 r - a ring of flight (left hand)
Wands
 e - a wand of disintegration (8)
 g - a wand of digging (3)
Scrolls
 c - 2 scrolls of fog
 d - 2 scrolls of magic mapping
 i - 7 scrolls of remove curse
 l - a scroll of enchant armour
 m - a scroll of fear
 n - 2 scrolls of enchant weapon
 s - a scroll of teleportation
 w - a scroll of holy word {unknown}
 y - a scroll of blinking {unknown}
Potions
 f - 2 potions of haste
 j - 8 potions of curing
 o - a potion of lignification
 q - 4 potions of stabbing
 t - a potion of invisibility {unknown}
 u - a potion of brilliance {unknown}
 v - 2 potions of heal wounds {unknown}


   Skills:
 + Level 8.9(7.7) Fighting
 + Level 8.9(7.7) Short Blades
 - Level 2.4(1.4) Dodging
 - Level 10.0(8.8) Stealth
 + Level 3.7(2.7) Shields
 + Level 8.1(6.9) Invocations


You had 9 spell levels left.
You didn't know any spells.
Your spell library was empty.

Dungeon Overview and Level Annotations

Branches:
Dungeon (8/15)             Temple (0/1) D:6
   Lair: D:8-11

Altars:
Ashenzari
Gozag
Hepliaklqana
Makhleb
Qazlal
Ru
Uskayaw
Wu Jian
Xom
The Shining One

Shops:
D:4 (

Annotations:
D:3 1 runed translucent door, pigah's ghost, weakling DrWn
D:8 Erica


Innate Abilities, Weirdness & Mutations

You are small and have problems with some larger weapons.
You are completely attuned to the shadows.


Message History

A death yak comes into view.
The death yak moves out of view.
j - 8 potions of curing (gained 1)
A shadow imp comes into view.
Erica the Fiery-Tempered comes into view.
She is wielding a +1 scimitar of flaming and wearing a +2 robe of positive energy.
The death yak bellows!
You hear a bellow!
Erica shouts!
You hear a bellow!
You hear a shout!
Erica hits you with a +1 scimitar of flaming!
* * * LOW HITPOINT WARNING * * *
Erica burns you.
* * * LOW HITPOINT WARNING * * *
Found an escape hatch in the floor.
As you read the scroll of teleportation, it crumbles to dust.
You feel strangely unstable. Erica barely misses you.
Found a shiny wooden wand.
Your surroundings seem slightly different.
A death yak comes into view.
Erica gestures at you while chanting. The lance of force hits you!
You die...

#≈.....# #
≈≈#≈.....#### ..#≈≈≈
≈≈≈≈.....##.# ..#...
#.......##.. .....#
#......##.# #.#..##
#.<....##.. ....§.#
####....... .>#..####
#...r... ....@@Y.#
#....#.. ..#..##K#
####†#.#
/....##.#########)#.#
....................#
.....Y.........÷..(.#
...........(†.(.##
..........)..((.##
...5.......)......
........$..(....#


You could see 2 death yaks, Erica and a kobold.

Vanquished Creatures
  Pikel (D:6)
  Grinder (D:5)
  Prince Ribbit (D:8)
  A wyvern (D:8)
  A sky beast (D:7)
  3 phantoms
  An orc warrior (D:6)
  A necrophage (D:5)
  4 ogres
  A centaur (D:6)
  A big kobold (D:8)
  4 bullfrogs
  4 scorpions
  3 wights
  A crimson imp (D:5)
  4 jellies
  3 orc priests
  2 centaur skeletons
  A hound (D:6)
  3 bullfrog skeletons
  4 orc wizards
  An iguana (D:5)
  7 worker ants
  2 hell rats (D:8)
  A killer bee zombie (D:6)
  A hound zombie (D:6)
  A worker ant zombie (D:5)
  9 adders
  A river rat (D:8)
  A shadow imp (D:5)
  3 white imps
  An ooze (D:1)
  An adder skeleton (D:8)
  3 adder zombies
  5 worms
  2 dart slugs (D:1)
  7 leopard geckos
  29 orcs
  5 ball pythons
  9 giant cockroaches
  9 goblins
  7 hobgoblins
  2 jackals (D:2)
  3 quokkas
  10 bats
  8 frilled lizards
  12 kobolds
  A leopard gecko zombie (D:7)
  11 rats
197 creatures vanquished.

Vanquished Creatures (others)
  2 withered plants (D:3)
2 creatures vanquished.

Grand Total: 199 creatures vanquished

Notes
Turn   | Place    | Note
-------+----------+-------------------------------------------
     0 | D:5      | lunkers the Kobold Delver began the quest for the Orb.
     0 | D:5      | Reached XP level 1. HP: 14/14 MP: 1/1
    67 | D:4      | Noticed a worker ant
   595 | D:3      | Reached XP level 2. HP: 19/19 MP: 2/2
   695 | D:2      | Found a hide-covered altar of Uskayaw.
   741 | D:2      | Reached skill level 7 in Stealth
   868 | D:2      | Became a worshipper of Uskayaw the Reveler
   921 | D:2      | Reached XP level 3. HP: 23/23 MP: 3/3
   921 | D:2      | Reached * piety under Uskayaw
   959 | D:1      | Reached ** piety under Uskayaw
  1480 | D:1      | Reached XP level 4. HP: 28/28 MP: 4/4
  2129 | D:2      | Found a broken altar of Ashenzari.
  2130 | D:2      | Found a sacrificial altar of Ru.
  2131 | D:2      | Found an opulent altar of Gozag.
  2209 | D:2      | Found a broken altar of Ashenzari.
  2280 | D:2      | Reached XP level 5. HP: 19/32 MP: 5/5
  2419 | D:2      | Found a hazy altar of Hepliaklqana.
  2924 | D:3      | Reached skill level 1 in Invocations
  3023 | D:3      | Reached skill level 5 in Short Blades
  3074 | D:3      | Found a runed translucent door.
  3075 | D:3      | Noticed pigah's ghost (weakling DrWn)
  3394 | D:4      | Reached skill level 8 in Stealth
  3431 | D:4      | Found Munnip's Antique Weapon Boutique.
  3522 | D:4      | Noticed Grinder
  3779 | D:4      | Got an ominously black robe
  3790 | D:4      | Identified the +0 robe of Ytoutat {MR- Regen+ Str+6} (You
                  | found it on level 4 of the Dungeon)
  3823 | D:4      | Reached XP level 6. HP: 29/38 MP: 7/7
  4086 | D:4      | Noticed an ogre
  4117 | D:4      | Reached *** piety under Uskayaw
  4118 | D:4      | Killed an ogre
  4326 | D:4      | Noticed an ogre
  4508 | D:2      | Killed an ogre
  4508 | D:2      | Reached XP level 7. HP: 44/44 MP: 8/8
  4566 | D:4      | Reached **** piety under Uskayaw
  5483 | D:5      | Reached XP level 8. HP: 47/48 MP: 10/10
  5501 | D:5      | Found a glowing golden altar of the Shining One.
  5524 | D:5      | Reached skill level 9 in Stealth
  5600 | D:5      | Reached skill level 5 in Fighting
  5882 | D:5      | Killed Grinder
  6237 | D:5      | Found a burning altar of Makhleb.
  6238 | D:5      | Found a shimmering altar of Xom.
  6326 | D:5      | Reached skill level 10 in Stealth
  6446 | D:5      | Reached skill level 5 in Invocations
  6486 | D:6      | Reached XP level 9. HP: 55/55 MP: 12/12
  6960 | D:6      | Found a staircase to the Ecumenical Temple.
  7020 | D:6      | Noticed Pikel
  7036 | D:6      | Killed Pikel
  7036 | D:6      | Reached skill level 1 in Shields
  7346 | D:6      | Found the +5 scythe "Finisher" {speed, eviscerate}
  7390 | D:6      | Found an ornate altar of the Wu Jian Council.
  7570 | D:7      | Reached XP level 10. HP: 64/64 MP: 15/15
  7579 | D:7      | Found a stormy altar of Qazlal.
  8855 | D:8      | Noticed Prince Ribbit
  8881 | D:8      | Killed Prince Ribbit
  9093 | D:8      | HP: 1/65 [hell rat (3)]
  9117 | D:8      | Noticed a death yak
  9121 | D:8      | Noticed Erica
  9126 | D:8      | HP: 2/65 [Erica/+1 scimitar of flaming (2)]
  9130 | D:8      | Noticed a death yak
  9130 | D:8      | Identified the ring of the Frog {+Fly AC+4}
  9130 | D:8      | Killed from afar by Erica

Illustrated notes

Levels and vault maps discovered:
D:1:      dpeg_arrival_signposts, layout_basic
D:2:      minmay_inner_zag, layout_loops_ring, nicolae_overflow_crystal_walls,
          chequers_temple_overflow_statue_of_worship,
          eat_drink_and_be_merry_uskayaw, evilmike_ruin_ashenzari
D:3:      layout_basic, gammafunk_ghost_grave
D:4:      layout_cave_pods, serial_shops, shop, gup_sewer_entry_bubbles,
          uniq_grinder
D:5:      layout_gridville, grunt_temple_overflow_champion_of_chaos,
          tso_metal_star
D:6:      layout_gridville, lemuel_coloured_pillars_altar,
          minmay_temple_entry_statues, chequers_serial_rivers_micro_e,
          uniq_pikel
D:7:      layout_basic, grunt_qazlal_clouds
D:8:      layout_basic, dpeg_lair_monsters, minmay_crystal_water,
          uniq_prince_ribbit1, uniq_psyche, uniq_erica

Skill      XL: |  1  2  3  4  5  6  7  8  9 10 |
---------------+-------------------------------+-----
Short Blades   | 3 4 5 6 7 8 |  8.9
Stealth        | 7 8 10 | 10.0
Invocations    | 1 2 3 5 7 8 |  8.1
Fighting       | 4 6 8 |  8.9
Shields        | 2 3 |  3.7
Dodging        | |  2.4

Action                   |  1- 3 |  4- 6 |  7- 9 | 10-12 || total
-------------------------+-------+-------+-------+-------++-------
Melee: Short sword       |    53 |   130 |   297 |   192 ||   672
  Use: Scroll            |     2 |     1 |     8 |     1 ||    12
       Potion            |       |     1 |     1 |     1 ||     3
 Stab: Sleeping          |    23 |    22 |    23 |     8 ||    76
       Distracted        |     1 |       |     5 |       ||     6
       Paralysed         |       |     2 |    11 |     2 ||    15
Armor: Leather armour    |     4 |    20 |     3 |       ||    27
       Ring mail         |       |       |    50 |    47 ||    97
Dodge: Dodged            |    12 |    65 |   119 |    59 ||   255
Block: Buckler           |       |       |    19 |    34 ||    53

Table legend: (Time is in decaauts)
 A = Elapsed time spent in this place.
 B = Non-inter-level travel time spent in this place.
 C = Inter-level travel time spent in this place.
 D = Time resting spent in this place.
 E = Time spent auto-exploring this place.
 F = Levels seen in this place.
 G = Mean time per level.
                   A        B        C        D        E       F      G
               +--------+--------+--------+--------+--------+-----+--------+
         Total |   9005 |   8793 |    212 |   1305 |   5849 |   8 | 1125.6 |
       Dungeon |   9005 |   8793 |    212 |   1305 |   5849 |   8 | 1125.6 |
               +--------+--------+--------+--------+--------+-----+--------+

Top non-repeatable levels by time:
     D:4: 1931 daAuts
     D:5: 1421 daAuts
     D:2: 1333 daAuts
     D:3: 1128 daAuts
     D:7: 1080 daAuts
     D:6: 928 daAuts
     D:1: 832 daAuts
     D:8: 349 daAuts
